 Dungeon Crawl Stone Soup version 0.26-a0-831-g7192265339 (webtiles) character file.

Game seed: 14482874426300558176

168 sahdkjhfkaj the Sneak (level 5, -13/38 HPs)
             Began as an Octopode Monk on Nov 15, 2020.
             Killed from afar by an orc wizard (16 damage)
             ... with an exploding inner flame
             ... hexed by the player character
             ... on level 4 of the Dungeon.
             The game lasted 00:04:11 (2917 turns).

sahdkjhfkaj the Sneak (Octopode Monk)               Turns: 2917, Time: 00:04:12

Health: -13/38     AC:  1    Str: 11    XL:     5   Next: 48%
Magic:  5/5        EV: 14    Int: 12    God:
Gold:   102        SH:  0    Dex: 15    Spells: 4/4 levels left

rFire    . . .     SeeInvis .   a - +0 trident
rCold    . . .     Faith    .   (no shield)
rNeg     . . .     Spirit   .   (helmet restricted)
rPois    .         Reflect  .   (no amulet)
rElec    .         Harm     .   (no ring)
rCorr    .         Rampage  .   (no ring)
MR       .....                  (no ring)
Stlth    ++++......             (no ring)
HPRegen  0.12/turn              (no ring)
MPRegen  0.09/turn              (no ring)
                                (no ring)
                                (no ring)

@: lethally poisoned (-13 -> -17), slowed, very slow
A: almost no armour, stealthy swim, amphibious, 8 rings, constrict 8, camouflage
1, gelatinous body 1
a: no special abilities


You were on level 4 of the Dungeon.
You visited 1 branch of the dungeon, and saw 4 of its levels.

You collected 102 gold pieces.

Inventory:

Hand Weapons
 a - a +0 trident (weapon)
 o - a +0 club
Jewellery
 c - an uncursed ring of poison resistance {unknown}
Scrolls
 g - a scroll of identify {!r, unknown}
 h - a scroll of amnesia {!r, unknown}
 j - a scroll of random uselessness {!r, unknown}
 l - a scroll of blinking {!r, unknown}
Potions
 f - a potion of might {!q, unknown}
 i - a potion of heal wounds {!q, unknown}
 k - a potion of berserk rage {!q, unknown}
 m - a potion of flight {!q, unknown}
 n - a potion of mutation {!q, unknown}


   Skills:
 + Level 4.6 Fighting
 - Level 2.0 Maces & Flails
 - Level 3.0 Polearms
 - Level 3.0 Dodging
 - Level 5.0 Stealth


You had 4 spell levels left.
You didn't know any spells.
Your spell library was empty.

Dungeon Overview and Level Annotations

Branches:
Dungeon (4/15)
 Temple: D:4-7

Altars:
Zin


Innate Abilities, Weirdness & Mutations

You cannot wear most types of armour.
You are very stealthy in the water. (Stealth+)
You are amphibious.
You can wear up to eight rings at the same time.
You can use your tentacles to constrict eight enemies at once.
Your skin changes colour to match your surroundings (Stealth+).
Your rubbery body absorbs attacks. (AC +1, EV +1)


Message History

The orc wizard gestures at you while chanting.
You feel yourself slow down.
The orc wizard mumbles some strange words.
The orc wizard seems to speed up.
The orc wizard hits you but does no damage.
Really read
e - a scroll labelled EXUIN BE HONLI {!r}?
As you read the scroll labelled EXUIN BE HONLI {!r}, it crumbles to dust.
The creatures around you are filled with an inner flame!
It was a scroll of immolation {!r}.
Flame seeps out of the orc wizard.
You constrict the orc wizard.
You feel sick.
The orc wizard is engulfed in blazing flames.
The orc wizard explodes!
The fiery explosion engulfs you!
* * * LOW HITPOINT WARNING * * *
The fiery explosion engulfs the orc!!
The orc explodes!
The fiery explosion engulfs the orc wizard!!
The orc wizard explodes!
The fiery explosion engulfs you!
You die...

.# .# .# #.## ...####
§#..... ##§§§#### #..
#@○§§..(. #... #§#§##### ...
#.# o. #.# #.# ## #####
###.### #.####### #...#
#.....# ###..........###....
#..†..###...#######..#......
#.........#.............<...
#.....###...#######.........


You could see an orc (inner flame).

Vanquished Creatures
  2 orc wizards (D:3)
  4 adders
  An ooze (D:1)
  An adder skeleton (D:4)
  3 worms
  A dart slug (D:1)
  5 leopard geckos
  3 orcs
  3 bats
  2 giant cockroaches
  9 hobgoblins
  6 kobolds
  2 quokkas (D:2)
  A ball python (D:3)
  2 frilled lizards
  4 goblins
  3 rats
52 creatures vanquished.

Notes
Turn   | Place    | Note
-------+----------+-------------------------------------------
     0 | D:1      | sahdkjhfkaj the Octopode Monk began the quest for the Orb.
     0 | D:1      | Reached XP level 1. HP: 16/16 MP: 1/1
    20 | D:1      | Reached skill level 3 in Stealth
    84 | D:1      | Reached XP level 2. HP: 21/21 MP: 2/2
   110 | D:1      | Reached skill level 4 in Stealth
   446 | D:1      | Reached XP level 3. HP: 26/26 MP: 3/3
   651 | D:1      | Reached skill level 5 in Stealth
   798 | D:2      | Reached skill level 1 in Maces & Flails
   853 | D:2      | Found a glowing silver altar of Zin.
  1185 | D:3      | Reached XP level 4. HP: 31/31 MP: 4/4
  2238 | D:3      | Reached XP level 5. HP: 32/37 MP: 5/5
  2917 | D:4      | Killed from afar by an orc wizard

Illustrated notes

Levels and vault maps discovered:
D:1:      scummos_arrival_hexagon, layout_rooms, serial_forest,
          infiniplex_forest_zigzag_1, infiniplex_forest_clump_diagonal,
          infiniplex_forest_lined_3_way, infiniplex_forest_zigzag_1,
          infiniplex_forest_lined_2, minmay_pentomino_p4
D:2:      layout_rooms, zin_treasury
D:3:      layout_basic, serial_park_tiny_pond
D:4:      layout_loops_ring, serial_shops,
          nicolae_shop_temple_entry_statues_fountains, shop

Skill      XL: |  1  2  3  4 |
---------------+-------------+-----
Stealth        | 3 4 5 |  5.0
Maces & Flails | 2 |  2.0
Fighting       | 4 |  4.6
Polearms       | |  3.0
Dodging        | |  3.0

Action                   |  1- 3 |  4- 6 || total
-------------------------+-------+-------++-------
Melee: Spear             |    86 |    18 ||   104
       Constrict         |    20 |    10 ||    30
       Tentacles         |    11 |     9 ||    20
       Trident           |       |    55 ||    55
  Use: Scroll            |       |     2 ||     2
       Potion            |       |     1 ||     1
 Stab: Sleeping          |     8 |     9 ||    17
       Distracted        |     1 |       ||     1
Armor: Skin              |     5 |    11 ||    16
Dodge: Dodged            |    30 |    34 ||    64

Table legend: (Time is in decaauts)
 A = Elapsed time spent in this place.
 B = Non-inter-level travel time spent in this place.
 C = Inter-level travel time spent in this place.
 D = Time resting spent in this place.
 E = Time spent auto-exploring this place.
 F = Levels seen in this place.
 G = Mean time per level.
                   A        B        C        D        E       F      G
               +--------+--------+--------+--------+--------+-----+--------+
         Total |   2920 |   2831 |     89 |    752 |   1690 |   4 |  730.0 |
       Dungeon |   2920 |   2831 |     89 |    752 |   1690 |   4 |  730.0 |
               +--------+--------+--------+--------+--------+-----+--------+

Top non-repeatable levels by time:
     D:3: 1400 daAuts
     D:1: 700 daAuts
     D:2: 455 daAuts
     D:4: 363 daAuts
